AoeStats
← kjetil

Black Forest

505221860Analyzed
4v4 RM · 25d ago on Sep 8, 2026· 46m 16s· 8 players
Game mode
Random Map
Map size
Large (8 player)
Population
200
Speed
Normal
Resources
Standard
Victory
Conquest
Starting age
Dark Age
Ending age
Imperial Age
RankedLock teamsTeams togetherTeam positionsShared explorationLock speedFull tech treeHidden civsTurbo modeCheats
Victory
Defeat
🇹🇼 Persians · Taiwan
946
+13
🇹🇼 Mongols · Taiwan
869
+16
🇨🇳 Chinese · China
856
+17
🇨🇳 Franks · China
765
+20
🇩🇪 Maya · Germany
952
-19
🇵🇱 Teutons · Poland
898
-18
🇳🇴 Gurjaras · Norway
856
-16
784
-13
zncyue
2:59 Loom
12:13 Feudal Age
14:07 Double-Bit Axe
16:39 Castle Age
14:59 Gold Mining
15:12 Horse Collar
16:35 Stone Mining
17:42 Bow Saw
19:38 Wheelbarrow
20:50 Gold Shaft Mining
25:38 Stone Shaft Mining
24:58 Fletching
27:57 Hand Cart
28:02 Fishing Lines
30:26 Gillnets
30:51 Forging
31:40 Nomads
31:52 Scale Mail Armor
32:35 Town Watch
33:43 Chain Mail Armor
34:03 Iron Casting
33:35 Scale Barding Armor
33:56 Caravan
34:46 Fortified Wall
35:01 Ballistics
35:23 Heavy Plow
36:00 Town Patrol
38:47 Imperial Age
38:31 Coinage
39:06 Elite Mangudai
40:30 Plate Mail Armor
41:01 Blast Furnace
40:21 Chain Barding Armor
41:15 Blast Furnace
43:23 Chemistry
42:21 Capped Ram
46:42 Bodkin Arrow
46:48 Padded Archer Armor
泥工后勤大队长
11:34 Feudal Age
12:35 Double-Bit Axe
18:40 Wheelbarrow
18:48 Fishing Lines
21:53 Castle Age
21:35 Horse Collar
22:20 Gold Mining
22:20 Stone Mining
24:00 Husbandry
24:10 Bloodlines
24:37 Squires
24:45 Scale Barding Armor
24:37 Gillnets
25:35 Pikeman
26:33 Fortified Wall
28:30 Wheelbarrow
28:35 Town Watch
30:27 Ballistics
30:02 Murder Holes
30:19 Bow Saw
31:44 Padded Archer Armor
31:34 Fletching
31:49 Heavy Plow
32:50 Hand Cart
33:07 Forging
33:06 Great Wall
33:51 Caravan
36:48 Imperial Age
34:29 Elite Skirmisher
36:02 Leather Archer Armor
35:43 Bodkin Arrow
35:50 Scale Mail Armor
36:25 Light Cavalry
37:09 Town Patrol
37:58 Iron Casting
37:44 Chain Barding Armor
38:30 Chemistry
37:54 Conscription
40:01 Two-Man Saw
38:48 Halberdier
39:35 Capped Ram
41:13 Elite Chu Ko Nu
42:15 Rocketry
41:34 Elite Fire Lancer
42:00 Arson
45:35 Siege Ram
Hao
0:30 Loom
11:28 Feudal Age
16:29 Castle Age
14:34 Double-Bit Axe
15:27 Gold Mining
18:01 Bow Saw
26:03 Wheelbarrow
26:14 Gold Shaft Mining
26:26 Horse Collar
27:37 Hand Cart
27:58 Stone Mining
27:57 Town Watch
28:48 Fishing Lines
32:38 Imperial Age
31:15 Stone Shaft Mining
30:36 Gillnets
31:39 Heavy Plow
32:16 Scale Barding Armor
32:15 Caravan
33:47 Crop Rotation
34:32 Two-Man Saw
33:54 Chain Barding Armor
33:45 Forging
35:23 Plate Barding Armor
36:09 Chemistry
35:24 Elite War Elephant
36:57 Conscription
40:24 Iron Casting
42:22 Masonry
46:20 Blast Furnace
磐石
0:28 Loom
13:17 Feudal Age
17:18 Castle Age
15:38 Double-Bit Axe
18:35 Bow Saw
21:58 Wheelbarrow
23:08 Hand Cart
29:44 Imperial Age
27:41 Forging
29:43 Scale Barding Armor
30:14 Iron Casting
29:57 Cavalier
31:07 Chain Barding Armor
31:19 Caravan
33:08 Blast Furnace
33:46 Conscription
33:01 Pikeman
33:26 Gambesons
33:42 Squires
34:08 Paladin
35:19 Halberdier
37:28 Plate Barding Armor
38:29 Gold Mining
41:02 Husbandry
43:38 Scale Mail Armor
Special Air (SAS)
2:24 Loom
11:20 Feudal Age
20:17 Castle Age
19:03 Double-Bit Axe
19:07 Horse Collar
22:21 Wheelbarrow
22:16 Stone Mining
23:22 Heavy Plow
23:38 Bow Saw
23:58 Gold Mining
25:35 Hand Cart
31:40 Imperial Age
30:50 Forging
30:46 Scale Barding Armor
30:57 Bloodlines
32:06 Iron Casting
31:54 Cavalier
32:46 Caravan
33:17 Coinage
32:58 Guilds
34:31 Chemistry
35:23 Crop Rotation
35:31 Stone Shaft Mining
35:58 Two-Man Saw
35:32 Paladin
39:07 Blast Furnace
40:57 Chain Barding Armor
41:33 Pikeman
42:14 Squires
42:51 Halberdier
43:17 Arson
45:20 Plate Barding Armor
44:45 Scale Mail Armor
atox
0:40 Loom
13:42 Feudal Age
14:31 Horse Collar
19:13 Castle Age
17:24 Fishing Lines
17:58 Stone Mining
17:55 Double-Bit Axe
18:05 Gold Mining
21:52 Wheelbarrow
22:13 Fletching
25:05 Bodkin Arrow
25:34 Ballistics
25:51 Bow Saw
25:57 Elite Skirmisher
26:41 Padded Archer Armor
28:45 Heavy Plow
29:31 Thumb Ring
29:52 Leather Archer Armor
31:03 Hand Cart
30:35 Town Watch
31:42 Hul'che Javelineers
35:09 Imperial Age
33:16 Arson
33:35 Squires
33:17 Crossbowman
37:07 Bracer
37:54 Ring Archer Armor
37:02 Onager
38:32 Conscription
37:42 Eagle Warrior
38:23 Squires
38:10 Arson
40:18 Chemistry
39:16 Pikeman
40:22 Halberdier
make wall ,door and market well?
0:31 Loom
10:45 Feudal Age
17:18 Castle Age
19:15 Double-Bit Axe
26:00 Bow Saw
31:35 Imperial Age
29:48 Wheelbarrow
29:15 Horse Collar
29:40 Marauders
29:40 Gold Mining
30:01 Town Watch
30:50 Heavy Plow
31:08 Hand Cart
31:46 Gold Shaft Mining
31:45 Town Patrol
31:42 Elite Tarkan
32:49 Bloodlines
32:40 Husbandry
34:03 Two-Man Saw
33:35 Conscription
34:07 Scale Barding Armor
34:12 Forging
34:13 Caravan
35:38 Chain Barding Armor
37:09 Iron Casting
37:15 Plate Barding Armor
39:10 Blast Furnace
kjetil
13:09 Feudal Age
16:55 Castle Age
15:11 Double-Bit Axe
15:08 Horse Collar
18:37 Bow Saw
18:28 Heavy Plow
23:52 Wheelbarrow
23:04 Loom
23:06 Town Watch
28:12 Fletching
28:23 Padded Archer Armor
32:37 Imperial Age
30:40 Elite Skirmisher
32:56 Hand Cart
32:52 Bodkin Arrow
33:13 Leather Archer Armor
33:59 Crop Rotation
35:18 Fortified Wall
34:55 Elite Elephant Archer
36:46 Masonry
36:19 Treadmill Crane
36:36 Murder Holes
38:10 Scale Barding Armor
38:11 Gold Mining
38:11 Stone Mining
38:59 Light Cavalry
39:50 Bloodlines
39:41 Husbandry
41:58 Chain Barding Armor
41:39 Bracer
42:38 Ballistics
42:51 Architecture
42:33 Hussar
44:32 Plate Barding Armor
Connection lost

Rejoining the realm…

Still unreachable

The connection could not be restored.

Session expired

The server has moved on; the page needs a fresh start.